Fleur, neutral female sylph Wizard ----- |...| -------- |.<.| --....... ------ ##....| |.......| |....| # |...| |.......| --....|### |...| |........# |.....|# ----- #|......--# ##-.....|# #--.----- # # |.....|# ##### # ### |..l..-# ## # # ---|---#f@# k #### # # ##### # # # # ------# ########### # |....|# #------%--# |.%>.-# |*}}.}}}|# |#...| |}.}}}}%-# ------ |..}.}}}| --------- Fleur the Thaumaturge Experience level: 7 Strength: 11 Dexterity: 11 Constitution: 14 Intelligence: 19 Wisdom: 15 Charisma: 12 Health: 0(51) Energy: 94(94) Def: 1 Gold: 885 Moves: 4938 Dungeon seed: sJXN4gJ7pfotoA7h Game ID: Fleur_1524742813 Your Inventory: Coins $ - 885 gold pieces Weapons a - a blessed +1 quarterstaff (weapon in hands) Armor e - an uncursed +0 cloak of magic resistance (being worn) Comestibles x - 2 uncursed tripe rations O - an uncursed figue Potions P - an uncursed potion of confusion Q - 2 uncursed potions of hallucination R - a blessed potion of hallucination T - an uncursed potion of sickness U - an uncursed potion of full healing V - an uncursed potion of water Wands N - a wand of enlightenment (0:15) W - a wand of light (0:13) Tools w - an uncursed magic whistle H - an uncursed oil lamp (0:967) M - an uncursed oil lamp (0:1484) Gems n - 2 uncursed jets Spells and supernatural/magical abilities: Name Level Category Fail Memory a - force bolt 1 attack 0% 76% m - magic missile 2 attack 0% 93% n - detect monsters 1 divination 0% 83% B - cure blindness 2 healing 12% 76% S - stone to flesh 3 healing 48% 86% W - pray for help -- divine ? -- Your skills at the end: Miscellaneous Skills wands [Basic] Weapon Skills quarterstaff [Basic] Spellcasting Skills attack spells [Basic] enchantment spells [Basic] Final Attributes: You were devoutly aligned. You were magic-protected. Your writing hand was a little cramped from use. You saw invisible. You had infravision. You were displaced. You were very stealthy. You were protected from shape changers. You were unlucky. Thoth was angry with you. You are dead. Vanquished creatures: a black pudding a giant beetle a spotted jelly an orc mummy a brown pudding a gold golem 4 piranhas 2 dwarf lords a blue jelly a snake a soldier ant a bugbear a rock mole a fog cloud 3 gnome lords 2 gnomish wizards a ghoul 2 giant ants a floating eye a kitten 4 dwarves a kobold shaman 3 iguanas 6 rothes a jitterbug a wererat a werejackal a coyote a gas spore a hobbit 2 acid blobs 2 large kobolds 4 geckos 2 hobgoblins 5 giant rats 6 cave spiders a yellow mold a green mold 11 gnomes 8 manes 2 jackals 7 newts 2 goblins 5 sewer rats 2 grid bugs 5 lichens 113 creatures vanquished. Voluntary challenges: You followed a strict vegan diet. You did not cause conflict. You were not invisible. You did not have reflection. You used a wielded weapon 68 times, starting on turn 12. You did not apply a unicorn horn. You did not use plumbed fixtures. You did not drink any magical draughts. You read items or engraved 8 times, starting on turn 1522. You never genocided any monsters. You never polymorphed an object. You never changed form. You used no wishes. You never split a pudding. You wrote Elbereth's name 2 times, starting on turn 2524. You violated your moral code, losing 1 point of alignment, starting on turn 2843. Dungeon overview: The Dungeons of Doom: levels 1 to 7 Level 1 some fountains a long staircase Level 2 a scroll shop, a fountain Level 3 Level 4 a general store, some fountains stairs to The Gnomish Mines Level 5 some fountains Level 6 many fountains Level 7 <- You were here a sink The Gnomish Mines: levels 5 to 8 Level 5 stairs to The Dungeons of Doom Level 6 Level 7 many shops, a temple to Thoth, a magic chest, some fountains Level 8 History has recorded: On T:1 you entered the Dungeons of Doom to retrieve the Amulet of Yendor! On T:48 you reached level 2 of The Dungeons of Doom. On T:718 you advanced to experience level 2. On T:781 you prayed to Thoth. On T:849 you reached level 3 of The Dungeons of Doom. On T:1115 you advanced to experience level 3. On T:1186 you reached level 4 of The Dungeons of Doom. On T:1672 you reached level 1 of The Gnomish Mines. On T:1703 you reached level 5 of The Dungeons of Doom. On T:1759 you prayed to Thoth. On T:2077 you advanced to experience level 4. On T:2662 you reached level 2 of The Gnomish Mines. On T:2709 you prayed to Thoth. On T:2828 you advanced to experience level 5. On T:2926 you reached level 3 of The Gnomish Mines. On T:3057 you advanced to experience level 6. On T:3253 you reached level 4 of The Gnomish Mines. On T:3399 you entered the Minetown temple On T:3421 you opened a magic chest. On T:3480 you prayed to Thoth. On T:4199 you prayed to Thoth. On T:4243 you reached level 6 of The Dungeons of Doom. On T:4265 you advanced to experience level 7. On T:4731 you reached level 7 of The Dungeons of Doom. Score breakdown: Gold: 885 ( 88 points) Experience: 7 levels ( 600 points) Exploration: 8 levels ( 210 points) Discoveries: 26 items ( 1300 points) Variety of kills: 46 monsters ( 2000 points) Major goal: reached Minetown ( 500 points) Survival: died (score multiplied by 3) Total score: 14094 Latest messages: The spell hits the brown pudding! You kill the brown pudding! There is a doorway here. There are a few objects here. There is a pool of shallow water here. You see here a piranha corpse. The jaguar claws you! (2x) The jaguar bites! The jaguar claws you! (2x) The jaguar bites! The spell misses the jaguar. The jaguar claws you! (2x) The jaguar bites! The door opens. The jaguar claws you! (2x) The jaguar bites! The jaguar claws you! (2x) The jaguar bites! The jaguar claws you! (2x) The jaguar bites! The jaguar claws you! (2x) The jaguar bites! You die... Final status: Goodbye Fleur the Wizard, killed by a jaguar... You died in The Dungeons of Doom on dungeon level 7 with 14094 points, and 885 pieces of gold, after 4938 moves. You were level 7 with a maximum of 51 hit points when you died.